 Dungeon Crawl Stone Soup version 0.19.1-1-g22dce08 (webtiles) character file.

137 Kiturien the Insei (level 5, -3/33 HPs)
             Began as an Octopode Transmuter on Jan 13, 2017.
             Slain by a river rat (10 damage)
             ... on level 3 of the Dungeon.
             The game lasted 00:14:01 (2017 turns).

Kiturien the Insei (Octopode Transmuter)            Turns: 2017, Time: 00:14:10

Health: -3/33      AC:  1    Str:  9    XL:     5   Next: 20%
Magic:  9/9        EV: 13    Int: 17    God:
Gold:   53         SH:  6    Dex: 12    Spells: 1 memorised, 8 levels left

rFire  . . .     SeeInvis .       - Unarmed
rCold  . . .     Gourm    .     (no shield)
rNeg   . . .     Faith    .     (helmet restricted)
rPois  .         Spirit   .     e - +6 amulet of reflection
rElec  .         Reflect  +     (no ring)
rCorr  .         Harm     .     (no ring)
MR     .....                    (no ring)
Stlth  +++.......               (no ring)
                                (no ring)
                                (no ring)
                                (no ring)
                                (no ring)

@: appendage (expiring)
A: almost no armour, stealthy swim, amphibious, 8 rings, constrict 8, tentacle
spike 3, camouflage 1, gelatinous body 1
a: End Transformation


You were on level 3 of the Dungeon.
You were not hungry.
One of your tentacles had a temporary spike.
You visited 1 branch of the dungeon, and saw 3 of its levels.

You collected 53 gold pieces.

Inventory:

Hand Weapons
 d - a +0 short sword
Missiles
 a - 12 arrows
Jewellery
 e - a +6 amulet of reflection (around mantle)
Scrolls
 f - 4 scrolls of fog {unknown}
 h - 3 scrolls of remove curse {unknown}
 i - 2 scrolls of identify {unknown}
 j - a scroll of enchant weapon {unknown}
 m - a scroll of random uselessness {unknown}
Potions
 g - 2 potions of curing {unknown}
 k - a potion of heal wounds {unknown}
 n - a potion of resistance {unknown}
 o - a potion of haste {unknown}
Books
 b - a book of Changes

   Spells                             Type                      Level
   a - Beastly Appendage              Transmutation                1
   b - Sticks to Snakes               Transmutation                2
   c - Spider Form                    Transmutation/Poison         3
   d - Ice Form                       Ice/Transmutation            4
   e - Blade Hands                    Transmutation                5
Comestibles
 c - a bread ration
 l - 4 fruits


   Skills:
 * Level 1.4 Fighting
 + Level 2.4 Dodging
 + Level 0.8 Stealth
 * Level 4.2 Unarmed Combat
 * Level 2.7 Spellcasting
 * Level 2.9 Transmutations


You had 8 spell levels left.
You knew the following spells:

 Your Spells              Type           Power        Failure   Level  Hunger
a - Beastly Appendage     Tmut           ##....       6%          1    #......


Dungeon Overview and Level Annotations

Branches:
Dungeon (3/15)

Altars:


Innate Abilities, Weirdness & Mutations

You cannot wear most types of armour.
You are very stealthy in the water. (Stealth+)
You are amphibious.
You can wear up to eight rings at the same time.
You can use your tentacles to constrict eight enemies at once.
Your skin changes colour to match your surroundings (Stealth+).
Your rubbery body absorbs attacks. (AC +1, EV +1)
One of your tentacles bears a large vicious spike.


Message History

You constrict the leopard gecko. The river rat bites you!
The leopard gecko splashes around in the water.
You completely miss the leopard gecko. You squeeze the leopard gecko.
The leopard gecko is heavily wounded.
You constrict the leopard gecko. The leopard gecko bites you.
You tentacle-slap the leopard gecko but do no damage.
You squeeze the leopard gecko.
You kill the leopard gecko!
You block the river rat's attack. The river rat bites you. x2
You closely miss the river rat. You grab the river rat.
You constrict the river rat, but do no damage.
You block the river rat's attack. The river rat barely misses you.
The river rat misses you.
You tentacle-slap the river rat but do no damage.
You pierce the river rat.
The river rat is lightly wounded.
You constrict the river rat. The river rat bites you!
* * * LOW HITPOINT WARNING * * *
The river rat closely misses you. The river rat bites you!
You die...

####.####.........#.#
##+## #.######....#
##...###.# #..###
##.....#..##++##..#
##..........#≈≈#...#
###..........##≈≈##..#
..+..........#≈≈≈≈#..#
###..........#≈r†r#..####
##.[.....#.##r@##.....#
##.....##..#≈≈#...##.#
######...####.+##'...##.#
......#+## #.......##.#
#####.# # ###..#.###.#
#####.#.# ##.#.# #.#
........# #.#.# #.#
#####....# #.... ..# .
..(...# ###.# ###


You could see 3 river rats.

Vanquished Creatures
  An orc priest (D:3)
  Ijyb (D:3)
  An ooze (D:1)
  6 dart slugs
  2 leopard geckos (D:3)
  3 orcs (D:3)
  2 giant cockroaches (D:1)
  4 goblins
  4 hobgoblins
  A jackal (D:1)
  12 kobolds
  3 quokkas
  4 ball pythons
  7 bats
  3 frilled lizards
  6 rats
60 creatures vanquished.

Notes
Turn   | Place    | Note
-------+----------+-------------------------------------------
     0 | D:1      | Kiturien the Octopode Transmuter began the quest for the Orb.
     0 | D:1      | Reached XP level 1. HP: 13/13 MP: 3/3
    34 | D:1      | Reached XP level 2. HP: 14/18 MP: 5/5
   429 | D:1      | Reached XP level 3. HP: 11/23 MP: 6/6
  1369 | D:3      | Reached XP level 4. HP: 28/28 MP: 5/7
  1485 | D:3      | Noticed Ijyb
  1494 | D:3      | Killed Ijyb
  1494 | D:3      | Reached skill level 4 in Unarmed Combat
  1731 | D:3      | Reached XP level 5. HP: 26/33 MP: 7/9
  2017 | D:3      | Slain by a river rat

Skill      XL: |  1  2  3  4 |
---------------+-------------+-----
Unarmed Combat | 4 |  4.2
Fighting       | |  1.4
Dodging        | |  2.4
Stealth        | |  0.8
Spellcasting   | |  2.7
Transmutations | |  2.9

Action                   |  1- 3 |  4- 6 || total
-------------------------+-------+-------++-------
Melee: Unarmed           |    88 |    53 ||   141
       Constrict         |    27 |    15 ||    42
       Tentacles         |    15 |    11 ||    26
       Punch             |     4 |     2 ||     6
       Kick              |    10 |     4 ||    14
 Cast: Beastly Appendage |    19 |    16 ||    35
 Stab: Sleeping          |     4 |     4 ||     8
  Eat: Meat ration       |     1 |       ||     1
Armor: Skin              |     8 |     5 ||    13
Dodge: Dodged            |    48 |    26 ||    74
Block: Other             |    24 |    15 ||    39
       Reflection        |     6 |     1 ||     7
